 Dungeon Crawl Stone Soup version 0.28-a0-1555-g9ae15a6949 (webtiles) character file.

Game seed: 9361473858394757406

60 psuckher the Sneak (level 4, -2/37 HPs)
             Began as a Barachi Delver on Jan 18, 2022.
             Slain by a gnoll shaman (9 damage)
             ... on level 4 of the Dungeon.
             The game lasted 00:02:07 (397 turns).

psuckher the Sneak (Barachi Delver)                  Turns: 397, Time: 00:02:07

Health: -2/37      AC:  3    Str: 16    XL:     4   Next: 4%
Magic:  4/4        EV: 12    Int: 10    God:
Gold:   41         SH:  0    Dex: 13    Spells: 3/3 levels left

rFire   . . .      SeeInvis .   a - +0 short sword
rCold   . . .      Faith    .   (no shield)
rNeg    . . .      Spirit   .   b - +0 leather armour
rPois   .          Reflect  .   (no helmet)
rElec   .          Harm     .   (no cloak)
rCorr   .          Rampage  .   (no gloves)
Will    .....                   (no boots)
Stlth   +++.......              (no amulet)
HPRegen 0.12/turn               (no ring)
MPRegen 0.09/turn               (no ring)

@: mighty, slow
A: amphibious, slowness 1, strong legs 1, +LOS
a: Hop


You were on level 4 of the Dungeon.
You visited 1 branch of the dungeon, and saw 2 of its levels.

You collected 41 gold pieces.

Inventory:

Hand Weapons
 a - a +0 short sword (weapon)
Armour
 b - a +0 leather armour (worn)
Wands
 g - a wand of digging (3)
Scrolls
 c - a scroll of fog
 d - a scroll of magic mapping
 j - a scroll of summoning {unknown}
Potions
 f - a potion of haste
 i - a potion of curing {unknown}
 k - a potion of flight {unknown}


   Skills:
 + Level 4.1 Fighting
 + Level 2.4 Short Blades
 + Level 0.8 Armour
 + Level 2.3 Dodging
 + Level 5.4 Stealth


You had 3 spell levels left.
You didn't know any spells.
Your spell library contained the following spells:

 Spells                   Type           Power      Damage    Failure   Level
 Dazzling Flash           Conj/Hex       0%         N/A       80%         3
 Iskenderun's Mystic Bla  Conj/Tloc      0%         2d3       99%         4
 Starburst                Conj/Fire      0%         6d3       100%        6


Dungeon Overview and Level Annotations

Branches:
Dungeon (5/15)
 Temple: D:4-7

Altars:
Ru


Innate Abilities, Weirdness & Mutations

You are amphibious.
You cover ground slowly.
You can hop short distances.
You have an extended range of vision and can be seen from far away.


Message History

You climb upwards.
Found a scroll labelled WAICLU AMO, 12 gold pieces and a spear.
There is a stone staircase leading down here.
You barely miss the gnoll shaman.
The gnoll shaman hits you with a +0 club!
The kobold shouts!
You hit the gnoll shaman but do no damage.
The gnoll shaman barely misses you.
You hit the gnoll shaman.
The gnoll shaman is moderately wounded.
The gnoll shaman hits you with a +0 club!
* * * LOW HITPOINT WARNING * * *
An endoplasm comes into view.
You completely miss the gnoll shaman.
The gnoll shaman is moderately wounded.
The kobold barely misses you.
The gnoll shaman hits you with a +0 club.
* * * LOW HITPOINT WARNING * * *
The kobold barely misses you.
As you read the scroll of fear, it crumbles to dust.
You assume a fearsome visage.
The endoplasm looks frightened!
The kobold looks frightened!
The gnoll shaman looks frightened!
The kobold cries, "Mercy!"
It was a potion of might.
You feel very mighty all of a sudden.
The endoplasm jiggles.
An adder skeleton comes into view.
Cornered, the endoplasm turns to fight!
The endoplasm barely misses you.
You puncture the endoplasm!
You kill the endoplasm!
The gnoll shaman hits you but does no damage.
You barely miss the gnoll shaman.
The gnoll shaman is moderately wounded.
The gnoll shaman hits you with a +0 club.
* * * LOW HITPOINT WARNING * * *
You closely miss the gnoll shaman.
The gnoll shaman is moderately wounded.
The gnoll shaman hits you with a +0 club!
You die...

#.# ....# ..
.K.Z##### #.
........#
#.###.......#
#..##.......#
#.##)......#
#..#.......#
##.#.......#
#@........#
##g.......#
#..#######
##.......##
#>.......#
#.?......#
.........#
..........#
$..........#


You could see a gnoll shaman.

Vanquished Creatures
  A centaur zombie (D:5)
  A hound (D:5)
  An endoplasm (D:4)
3 creatures vanquished.

Notes
Turn   | Place    | Note
-------+----------+-------------------------------------------
     0 | D:5      | psuckher the Barachi Delver began the quest for the Orb.
     0 | D:5      | Reached XP level 1. HP: 18/18 MP: 1/1
     9 | D:5      | Noticed a hound
    29 | D:5      | Killed a hound
    30 | D:5      | Reached skill level 5 in Stealth
    30 | D:5      | Reached XP level 2. HP: 5/25 MP: 2/2
    30 | D:5      | Reached XP level 3. HP: 6/30 MP: 3/3
    40 | D:5      | Noticed a water moccasin
   247 | D:5      | Reached XP level 4. HP: 29/37 MP: 4/4
   278 | D:5      | Found a sacrificial altar of Ru.
   397 | D:4      | Slain by a gnoll shaman

Illustrated notes

Levels and vault maps discovered:
D:4:      layout_basic, mainiacjoe_overflow_brackets,
          mainiacjoe_overflow_surrounded_room, uniq_sigmund
D:5:      layout_gridville, nicolae_ru_path_of_blood,
          minmay_temple_entry_slanted, grunt_decor_resistance

Skill      XL: |  1  2  3 |
---------------+----------+-----
Stealth        | 5 |  5.4
Fighting       | 4 |  4.1
Short Blades   | |  2.4
Armour         | |  0.8
Dodging        | |  2.3

Action                   |  1- 3 |  4- 6 || total
-------------------------+-------+-------++-------
Melee: Short sword       |    13 |     7 ||    20
  Use: Scroll            |       |     1 ||     1
       Potion            |       |     1 ||     1
 Stab: Sleeping          |     2 |       ||     2
Armor: Leather armour    |     5 |     1 ||     6
Dodge: Dodged            |     6 |    11 ||    17

Table legend: (Time is in decaauts)
 A = Elapsed time spent in this place.
 B = Non-inter-level travel time spent in this place.
 C = Inter-level travel time spent in this place.
 D = Time resting spent in this place.
 E = Time spent auto-exploring this place.
 F = Levels seen in this place.
 G = Mean time per level.
                   A        B        C        D        E       F      G
               +--------+--------+--------+--------+--------+-----+--------+
         Total |    468 |    445 |     23 |      0 |      0 |   2 |  234.0 |
       Dungeon |    468 |    445 |     23 |      0 |      0 |   2 |  234.0 |
               +--------+--------+--------+--------+--------+-----+--------+

Top non-repeatable levels by time:
     D:5: 441 daAuts
     D:4: 27 daAuts
